[ AOE2 MATCH · #472180279 ]
Team RMBurgundians vs Romans
[ REPLAY ANALYSIS · EXTRACTED FROM THE RECORDED GAME ]
Feudal
10:49
Castle
—
Imperial
—
| APM avg | 20.5 |
| APM peak | 54 |
| eAPM avg | 9.4 |
| Villagers / military | 34 / 6 |
Focus
⚔️ 23.4% · 🌾 76.6%
Scout Cavalry ×6
Feudal
11:04
Castle
19:31
Imperial
—
| APM avg | 12.5 |
| APM peak | 28 |
| eAPM avg | 7.3 |
| Villagers / military | 40 / 28 |
Focus
⚔️ 25.4% · 🌾 74.6%
Samurai ×24 · Battering Ram ×4
Feudal
12:18
Castle
22:26
Imperial
—
| APM avg | 13.0 |
| APM peak | 64 |
| eAPM avg | 7.5 |
| Villagers / military | 23 / 26 |
Focus
⚔️ 30.3% · 🌾 69.7%
Militia ×14 · Spearman ×10 · Battering Ram ×2
Feudal
10:33
Castle
22:04
Imperial
—
| APM avg | 44.2 |
| APM peak | 90 |
| eAPM avg | 15.9 |
| Villagers / military | 78 / 12 |
Focus
⚔️ 26.3% · 🌾 73.7%
Scout Cavalry ×7 · Unknown (1952) ×6 · Militia ×5
Feudal
14:08
Castle
25:27
Imperial
—
| APM avg | 6.8 |
| APM peak | 21 |
| eAPM avg | 4.6 |
| Villagers / military | 35 / 7 |
Focus
⚔️ 15.3% · 🌾 84.7%
Spearman ×4 · Scorpion ×3
Feudal
10:19
Castle
—
Imperial
—
| APM avg | 34.8 |
| APM peak | 97 |
| eAPM avg | 23.4 |
| Villagers / military | 34 / 12 |
Focus
⚔️ 12.9% · 🌾 87.1%
Spearman ×12
Match map
Initial resources + every placement click. Lines = walls · curves = elevation contours. ◆ gold · ⬟ stone · ● berries · ✦ relic · ◌ wall gap
Inputs per minute
— [M] Nico - - SteppeFalcon
Build order — [M] Nico
92 actions detected in the replay
| 0:03 | Build | House |
| 0:05 | Build | House |
| 0:08 | Create | Villager (Male) |
| 0:08 | Create | Villager (Male) |
| 0:08 | Create | Villager (Male) |
| 0:08 | Create | Villager (Male) |
| 1:58 | Build | Lumber Camp |
| 2:02 | Create | Villager (Male) |
| 2:20 | Create | Villager (Male) |
| 2:29 | Create | Villager (Male) |
| 3:12 | Create | Villager (Male) |
| 3:19 | Create | Villager (Male) |
| 3:54 | Create | Villager (Male) |
| 4:12 | Build | House |
| 4:13 | Build | House |
| 4:26 | Build | Palisade Wall |
| 4:50 | Build | Mill |
| 5:03 | Create | Villager (Male) |
| 5:41 | Create | Villager (Male) |
| 5:59 | Create | Villager (Male) |
| 6:00 | Create | Villager (Male) |
| 6:15 | Create | Villager (Male) |
| 6:37 | Create | Villager (Male) |
| 7:16 | Research | Loom |
| 7:24 | Create | Villager (Male) |
| 7:24 | Create | Villager (Male) |
| 7:25 | Research | Loom |
| 7:42 | Build | Palisade Wall |
| 7:46 | Build | Palisade Wall |
| 8:38 | Research | Feudal Age |
| 9:24 | Build | Barracks |
| 10:08 | Build | Palisade Wall |
| 10:13 | Build | Palisade Wall |
| 10:18 | Build | Palisade Wall |
| 10:49 | Age | Feudal Age |
| 10:52 | Build | Stable |
| 11:04 | Create | Villager (Male) |
| 11:04 | Create | Villager (Male) |
| 11:39 | Create | Scout Cavalry |
| 11:44 | Create | Villager (Male) |
| 11:54 | Create | Scout Cavalry |
| 11:59 | Build | Farm |
| 12:01 | Research | Double-Bit Axe |
| 12:04 | Research | Horse Collar |
| 12:11 | Create | Villager (Male) |
| 12:15 | Build | Farm |
| 12:17 | Build | House |
| 12:19 | Build | House |
| 12:25 | Build | Farm |
| 12:28 | Create | Villager (Male) |
| 12:36 | Build | Farm |
| 12:42 | Build | Farm |
| 13:01 | Create | Scout Cavalry |
| 13:33 | Create | Scout Cavalry |
| 13:39 | Build | Farm |
| 13:39 | Build | Farm |
| 13:52 | Create | Villager (Male) |
| 14:04 | Create | Villager (Male) |
| 14:21 | Create | Villager (Male) |
| 14:23 | Build | Farm |
| 14:23 | Build | Farm |
| 14:29 | Create | Villager (Male) |
| 14:35 | Create | Scout Cavalry |
| 15:01 | Create | Villager (Male) |
| 15:10 | Create | Scout Cavalry |
| 15:17 | Build | Farm |
| 15:32 | Create | Villager (Male) |
| 15:36 | Build | Farm |
| 15:40 | Build | House |
| 15:42 | Build | House |
| 16:28 | Build | House |
| 16:29 | Create | Villager (Male) |
| 17:14 | Build | House |
| 17:24 | Create | Villager (Male) |
| 17:24 | Create | Villager (Male) |
| 17:26 | Build | Mining Camp |
| 17:32 | Build | Mining Camp |
| 17:37 | Build | Farm |
| 17:40 | Build | House |
| 18:19 | Create | Villager (Male) |
| 18:25 | Build | House |
| 18:35 | Create | Villager (Male) |
| 18:46 | Build | Farm |
| 18:49 | Build | Farm |
| 18:58 | Build | House |
| 19:25 | Research | Bow Saw |
| 19:32 | Build | Farm |
| 20:19 | Build | Market |
| 21:32 | Research | Castle Age |
| 21:36 | Build | House |
| 21:41 | Build | Lumber Camp |
| 22:01 | Research | Heavy Plow |
Build order — SteppeFalcon
111 actions detected in the replay
| 0:03 | Create | Villager (Male) ×4 |
| 0:10 | Build | House |
| 0:54 | Build | House |
| 1:29 | Build | House |
| 1:37 | Create | Villager (Male) |
| 2:03 | Build | House |
| 2:07 | Create | Villager (Male) |
| 2:26 | Create | Villager (Male) |
| 2:34 | Build | Mill |
| 2:57 | Create | Villager (Male) |
| 3:28 | Create | Villager (Male) |
| 3:28 | Create | Villager (Male) |
| 3:48 | Create | Villager (Male) |
| 4:06 | Create | Villager (Male) |
| 4:06 | Create | Villager (Male) |
| 4:38 | Create | Villager (Male) |
| 4:38 | Create | Villager (Male) |
| 5:17 | Create | Villager (Male) |
| 5:18 | Create | Villager (Male) |
| 5:18 | Create | Villager (Male) |
| 6:49 | Create | Villager (Male) |
| 6:49 | Create | Villager (Male) |
| 7:30 | Create | Villager (Male) |
| 7:49 | Build | Lumber Camp |
| 7:58 | Create | Villager (Male) |
| 8:11 | Build | Mining Camp |
| 8:17 | Create | Villager (Male) |
| 8:37 | Build | Mining Camp |
| 8:48 | Research | Feudal Age |
| 9:58 | Build | House |
| 10:00 | Build | House |
| 10:02 | Build | House |
| 11:04 | Age | Feudal Age |
| 11:07 | Research | Town Watch |
| 11:58 | Build | Farm |
| 11:59 | Build | Farm |
| 12:00 | Build | Farm |
| 12:02 | Build | Farm |
| 12:02 | Build | Farm |
| 12:03 | Build | Farm |
| 12:06 | Build | Farm |
| 12:14 | Create | Villager (Male) |
| 12:14 | Create | Villager (Male) |
| 12:24 | Build | Farm |
| 12:25 | Build | Farm |
| 12:28 | Build | Farm |
| 12:35 | Research | Double-Bit Axe |
| 12:39 | Research | Horse Collar |
| 13:01 | Create | Villager (Male) |
| 13:14 | Research | Gold Mining |
| 13:20 | Build | Market |
| 13:39 | Create | Villager (Male) |
| 13:40 | Create | Villager (Male) |
| 14:19 | Create | Villager (Male) |
| 14:22 | Research | Stone Mining |
| 14:30 | Build | Blacksmith |
| 14:40 | Create | Villager (Male) |
| 14:51 | Build | Farm |
| 15:03 | Build | Farm |
| 15:07 | Create | Villager (Male) |
| 15:20 | Build | Farm |
| 15:47 | Create | Villager (Male) |
| 15:47 | Create | Villager (Male) |
| 16:51 | Research | Castle Age |
| 17:33 | Research | Forging |
| 18:03 | Research | Scale Mail Armor |
| 19:31 | Age | Castle Age |
| 19:34 | Build | Castle |
| 19:39 | Create | Villager (Male) |
| 19:49 | Research | Heavy Plow |
| 19:52 | Research | Bow Saw |
| 19:59 | Create | Villager (Male) |
| 20:20 | Research | Gold Shaft Mining |
| 20:38 | Create | Samurai |
| 20:43 | Create | Samurai |
| 21:03 | Create | Samurai |
| 21:13 | Build | Farm |
| 21:16 | Create | Samurai |
| 21:18 | Create | Samurai |
| 21:31 | Create | Samurai |
| 21:40 | Create | Samurai |
| 21:48 | Create | Samurai |
| 21:56 | Create | Samurai |
| 22:25 | Build | Castle |
| 22:54 | Research | Iron Casting |
| 23:46 | Build | Siege Workshop |
| 24:10 | Build | Mining Camp |
| 24:13 | Create | Battering Ram |
| 24:13 | Create | Battering Ram |
| 24:27 | Research | Chain Mail Armor |
| 25:05 | Create | Battering Ram |
| 25:48 | Create | Samurai |
| 25:48 | Create | Samurai |
| 25:49 | Create | Samurai |
| 26:24 | Create | Battering Ram |
| 26:33 | Create | Samurai ×5 |
| 27:28 | Create | Villager (Male) |
| 27:29 | Create | Villager (Male) |
| 27:29 | Create | Villager (Male) |
| 27:29 | Create | Villager (Male) |
| 27:30 | Create | Villager (Male) |
| 27:36 | Research | Wheelbarrow |
| 28:04 | Create | Samurai |
| 28:04 | Create | Samurai |
| 28:04 | Create | Samurai |
| 28:05 | Create | Samurai |
| 28:05 | Create | Samurai |
| 28:47 | Create | Samurai |
| 28:47 | Create | Samurai |
| 29:48 | Build | Town Center |
| 30:11 | Research | Hand Cart |
Build order — RICARDO CARUSO LOMBARDI
99 actions detected in the replay
| 0:00 | Create | Villager (Male) |
| 0:01 | Create | Villager (Male) |
| 0:01 | Create | Villager (Male) |
| 0:05 | Build | House |
| 0:07 | Build | House |
| 0:38 | Create | Villager (Male) |
| 1:37 | Create | Villager (Male) |
| 2:12 | Create | Villager (Male) |
| 2:13 | Create | Villager (Male) |
| 3:22 | Create | Villager (Male) |
| 3:22 | Create | Villager (Male) |
| 3:22 | Create | Villager (Male) |
| 4:27 | Create | Villager (Male) |
| 4:27 | Create | Villager (Male) |
| 4:59 | Build | Mill |
| 5:20 | Create | Villager (Male) |
| 5:20 | Create | Villager (Male) |
| 5:26 | Build | House |
| 6:54 | Build | Lumber Camp |
| 7:01 | Research | Loom |
| 7:01 | Create | Villager (Male) |
| 7:01 | Create | Villager (Male) |
| 7:01 | Create | Villager (Male) |
| 8:38 | Build | House |
| 8:45 | Create | Villager (Male) |
| 8:45 | Create | Villager (Male) |
| 9:14 | Build | Mining Camp |
| 10:08 | Research | Feudal Age |
| 10:22 | Build | Barracks |
| 10:50 | Create | Villager (Male) |
| 11:09 | Create | Militia |
| 11:09 | Create | Militia |
| 11:09 | Create | Militia |
| 11:20 | Create | Villager (Male) |
| 11:45 | Build | House |
| 11:57 | Build | Farm |
| 11:58 | Build | Farm |
| 11:58 | Build | Farm |
| 11:58 | Build | Farm |
| 11:58 | Build | Farm |
| 11:59 | Build | Farm |
| 11:59 | Build | Farm |
| 12:18 | Age | Feudal Age |
| 12:19 | Research | Horse Collar |
| 12:19 | Research | Horse Collar |
| 12:56 | Build | Stone Wall |
| 13:14 | Build | Mining Camp |
| 13:38 | Build | Stone Wall |
| 13:42 | Build | Stone Wall |
| 13:53 | Create | Militia |
| 13:53 | Create | Militia |
| 14:09 | Build | Blacksmith |
| 14:38 | Create | Spearman |
| 14:39 | Create | Spearman |
| 14:39 | Create | Spearman |
| 14:39 | Create | Spearman |
| 14:40 | Create | Spearman |
| 15:07 | Build | House |
| 15:12 | Build | House |
| 15:19 | Build | Stone Wall |
| 15:27 | Build | Stone Wall |
| 15:35 | Build | House |
| 15:43 | Create | Villager (Male) |
| 15:45 | Create | Villager (Male) |
| 16:03 | Build | Stone Wall |
| 16:41 | Research | Man-at-Arms (upgrade) |
| 17:12 | Build | Stone Wall |
| 17:29 | Research | Scale Mail Armor |
| 18:00 | Build | Market |
| 18:45 | Create | Militia |
| 18:45 | Create | Militia |
| 18:46 | Create | Militia |
| 18:46 | Create | Militia |
| 18:50 | Create | Spearman |
| 18:50 | Create | Spearman |
| 18:50 | Create | Spearman |
| 18:50 | Create | Spearman |
| 18:51 | Create | Spearman |
| 19:24 | Build | Farm |
| 19:46 | Research | Castle Age |
| 20:45 | Build | Building 490 |
| 21:04 | Research | Forging |
| 22:03 | Build | Farm |
| 22:03 | Build | Farm |
| 22:03 | Build | Farm |
| 22:07 | Build | Farm |
| 22:26 | Age | Castle Age |
| 23:54 | Build | Siege Workshop |
| 24:06 | Research | Long Swordsman (upgrade) |
| 24:12 | Create | Militia |
| 24:13 | Create | Militia |
| 24:13 | Create | Militia |
| 24:13 | Create | Militia |
| 24:15 | Create | Militia |
| 24:28 | Create | Battering Ram |
| 24:28 | Create | Battering Ram |
| 24:33 | Build | House |
| 24:35 | Build | House |
| 24:39 | Build | House |
Build order — BeaNeanging
First 150 of 188 actions detected
| 0:02 | Create | Villager (Male) |
| 0:03 | Create | Villager (Male) |
| 0:03 | Create | Villager (Male) |
| 0:03 | Create | Villager (Male) |
| 0:05 | Build | House |
| 0:07 | Build | House |
| 1:30 | Create | Villager (Male) |
| 1:30 | Create | Villager (Male) |
| 1:52 | Build | Lumber Camp |
| 2:12 | Create | Villager (Male) |
| 2:12 | Create | Villager (Male) |
| 2:23 | Create | Villager (Male) |
| 2:23 | Create | Villager (Male) |
| 2:42 | Create | Villager (Male) |
| 3:08 | Create | Villager (Male) |
| 4:04 | Create | Villager (Male) |
| 4:05 | Create | Villager (Male) |
| 4:39 | Create | Villager (Male) |
| 4:39 | Create | Villager (Male) |
| 4:42 | Create | Villager (Male) |
| 4:43 | Create | Villager (Male) |
| 4:57 | Build | House |
| 5:14 | Build | House |
| 5:28 | Build | House |
| 5:28 | Create | Villager (Male) |
| 5:29 | Create | Villager (Male) |
| 5:31 | Create | Villager (Male) |
| 5:31 | Create | Villager (Male) |
| 5:51 | Create | Villager (Male) |
| 7:16 | Create | Villager (Male) |
| 7:16 | Create | Villager (Male) |
| 7:45 | Build | Mill |
| 8:23 | Research | Feudal Age |
| 8:23 | Research | Feudal Age |
| 9:14 | Build | Mining Camp |
| 10:22 | Build | House |
| 10:28 | Build | Barracks |
| 10:33 | Age | Feudal Age |
| 10:36 | Create | Villager (Male) |
| 10:43 | Research | Double-Bit Axe |
| 10:47 | Research | Horse Collar |
| 11:03 | Build | House |
| 11:07 | Build | Palisade Wall |
| 11:12 | Build | Palisade Wall |
| 11:23 | Build | Watch Tower |
| 11:32 | Research | Loom |
| 12:15 | Build | Blacksmith |
| 12:19 | Research | Man-at-Arms (upgrade) |
| 12:19 | Create | Militia |
| 12:19 | Create | Militia |
| 12:20 | Create | Militia |
| 12:24 | Create | Villager (Male) |
| 12:37 | Build | Stable |
| 13:18 | Create | Villager (Male) |
| 13:18 | Create | Villager (Male) |
| 13:18 | Create | Villager (Male) |
| 13:43 | Build | Farm |
| 13:43 | Build | Farm |
| 13:44 | Build | Farm |
| 13:44 | Build | Farm |
| 13:44 | Build | Farm |
| 14:17 | Create | Villager (Male) |
| 14:38 | Create | Villager (Male) |
| 14:42 | Build | Farm |
| 14:42 | Build | Farm |
| 15:07 | Build | House |
| 15:08 | Build | House |
| 15:11 | Build | Building 804 |
| 15:20 | Create | Militia |
| 15:26 | Build | Farm |
| 15:28 | Build | Farm |
| 15:29 | Create | Villager (Male) |
| 15:39 | Create | Militia |
| 15:51 | Create | Villager (Male) |
| 15:58 | Build | Palisade Wall |
| 16:15 | Create | Villager (Male) |
| 16:22 | Research | Gold Mining |
| 16:30 | Build | Farm |
| 16:39 | Build | House |
| 16:41 | Build | Palisade Wall |
| 16:44 | Build | Palisade Wall |
| 16:48 | Build | Farm |
| 16:50 | Build | Farm |
| 17:02 | Build | Farm |
| 17:04 | Build | Farm |
| 17:18 | Build | House |
| 17:19 | Build | Palisade Wall |
| 17:23 | Create | Villager (Male) |
| 17:59 | Build | House |
| 18:03 | Build | Farm |
| 18:04 | Create | Villager (Male) |
| 18:35 | Build | Farm |
| 18:37 | Create | Villager (Male) |
| 18:56 | Build | House |
| 18:57 | Build | House |
| 18:58 | Build | House |
| 19:04 | Build | Farm |
| 19:06 | Build | Farm |
| 19:24 | Research | Castle Age |
| 19:24 | Research | Castle Age |
| 19:41 | Build | Farm |
| 19:56 | Build | Archery Range |
| 20:11 | Build | House |
| 20:17 | Build | Palisade Wall |
| 20:19 | Build | Palisade Wall |
| 20:32 | Build | Archery Range |
| 20:38 | Research | Bloodlines |
| 20:42 | Create | Scout Cavalry |
| 20:43 | Create | Scout Cavalry |
| 20:43 | Create | Scout Cavalry |
| 20:53 | Research | Forging |
| 20:55 | Research | Fletching |
| 20:55 | Research | Fletching |
| 21:32 | Create | Scout Cavalry |
| 21:32 | Create | Scout Cavalry |
| 22:04 | Age | Castle Age |
| 22:06 | Research | Husbandry |
| 22:18 | Create | Villager (Male) |
| 22:37 | Build | Market |
| 22:40 | Create | Villager (Male) |
| 22:41 | Create | Villager (Male) |
| 23:29 | Research | Light Cavalry (upgrade) |
| 23:29 | Research | Light Cavalry (upgrade) |
| 23:44 | Build | Town Center |
| 24:00 | Create | Villager (Male) |
| 24:26 | Create | Scout Cavalry |
| 24:28 | Create | Scout Cavalry |
| 24:45 | Create | Villager (Male) |
| 24:46 | Create | Villager (Male) |
| 24:48 | Create | Villager (Male) |
| 24:54 | Research | Scale Barding Armor |
| 24:54 | Research | Scale Barding Armor |
| 25:20 | Create | Villager (Male) |
| 25:31 | Build | Town Center |
| 25:33 | Create | Villager (Male) |
| 25:34 | Create | Villager (Male) |
| 25:34 | Create | Villager (Male) |
| 25:34 | Create | Villager (Male) |
| 25:34 | Create | Villager (Male) |
| 25:52 | Create | Unit 1952 ×3 |
| 25:56 | Create | Villager (Male) |
| 26:01 | Build | Stable |
| 26:10 | Create | Villager (Male) |
| 26:10 | Create | Villager (Male) |
| 26:10 | Create | Villager (Male) |
| 26:10 | Create | Villager (Male) |
| 26:27 | Create | Villager (Male) |
| 27:00 | Create | Villager (Male) |
| 27:00 | Create | Villager (Male) |
| 27:02 | Create | Villager (Male) |
Build order — Franchupala
86 actions detected in the replay
| 0:23 | Create | Villager (Male) |
| 0:23 | Create | Villager (Male) |
| 0:24 | Create | Villager (Male) |
| 0:24 | Create | Villager (Male) |
| 0:34 | Build | House |
| 0:37 | Build | House |
| 2:05 | Build | Farm |
| 2:29 | Build | Farm |
| 2:39 | Create | Villager (Male) |
| 2:39 | Create | Villager (Male) |
| 3:13 | Build | Farm |
| 3:30 | Create | Villager (Male) |
| 3:31 | Create | Villager (Male) |
| 5:12 | Create | Villager (Male) |
| 5:12 | Create | Villager (Male) |
| 5:13 | Create | Villager (Male) |
| 5:13 | Create | Villager (Male) |
| 5:14 | Create | Villager (Male) |
| 5:44 | Build | Farm |
| 6:39 | Build | House |
| 6:40 | Build | House |
| 7:00 | Build | Palisade Wall |
| 7:35 | Research | Loom |
| 8:09 | Build | Mining Camp |
| 10:21 | Build | Lumber Camp |
| 11:58 | Research | Feudal Age |
| 12:42 | Build | Mill |
| 14:08 | Age | Feudal Age |
| 14:56 | Create | Villager (Male) |
| 14:57 | Create | Villager (Male) |
| 14:58 | Create | Villager (Male) |
| 14:59 | Create | Villager (Male) |
| 14:59 | Create | Villager (Male) |
| 15:00 | Create | Villager (Male) |
| 15:06 | Create | Villager (Male) |
| 15:07 | Create | Villager (Male) |
| 15:46 | Research | Double-Bit Axe |
| 16:08 | Build | Palisade Wall |
| 18:06 | Build | Palisade Wall |
| 18:27 | Build | Farm |
| 19:49 | Research | Horse Collar |
| 20:03 | Build | Palisade Wall |
| 20:44 | Build | Lumber Camp |
| 21:34 | Build | Palisade Wall |
| 22:08 | Build | Farm |
| 22:09 | Build | Farm |
| 22:11 | Build | Farm |
| 22:12 | Build | Farm |
| 22:15 | Build | Farm |
| 22:47 | Research | Castle Age |
| 23:42 | Research | Gold Mining |
| 24:55 | Create | Villager (Male) |
| 24:56 | Create | Villager (Male) |
| 24:56 | Create | Villager (Male) |
| 24:57 | Create | Villager (Male) |
| 25:27 | Age | Castle Age |
| 25:28 | Build | Farm |
| 26:01 | Build | House |
| 26:03 | Build | House |
| 26:04 | Build | House |
| 26:07 | Build | House |
| 26:09 | Build | House |
| 26:20 | Build | Palisade Gate |
| 26:34 | Build | Siege Workshop |
| 27:14 | Build | Barracks |
| 27:30 | Build | Farm |
| 27:54 | Create | Villager (Male) |
| 27:55 | Create | Villager (Male) |
| 27:56 | Create | Villager (Male) |
| 27:56 | Create | Villager (Male) |
| 27:56 | Create | Villager (Male) |
| 27:57 | Create | Villager (Male) |
| 27:58 | Create | Villager (Male) |
| 27:58 | Create | Villager (Male) |
| 27:58 | Create | Villager (Male) |
| 27:59 | Create | Villager (Male) |
| 28:06 | Create | Scorpion |
| 28:06 | Create | Scorpion |
| 28:07 | Create | Scorpion |
| 28:29 | Research | Gold Shaft Mining |
| 28:44 | Research | Heavy Plow |
| 29:25 | Research | Bow Saw |
| 29:46 | Create | Spearman |
| 29:46 | Create | Spearman |
| 29:47 | Create | Spearman |
| 29:48 | Create | Spearman |
Build order — TheMandalorian
110 actions detected in the replay
| 0:04 | Build | House |
| 0:05 | Build | House |
| 0:11 | Create | Villager (Male) |
| 0:12 | Create | Villager (Male) |
| 0:12 | Create | Villager (Male) |
| 0:12 | Create | Villager (Male) |
| 0:12 | Create | Villager (Male) |
| 0:42 | Build | House |
| 1:51 | Create | Villager (Male) |
| 1:57 | Build | Lumber Camp |
| 2:21 | Create | Villager (Male) |
| 3:15 | Create | Villager (Male) |
| 3:44 | Create | Villager (Male) |
| 3:44 | Create | Villager (Male) |
| 3:45 | Create | Villager (Male) |
| 4:12 | Create | Villager (Male) |
| 4:39 | Build | House |
| 5:03 | Create | Villager (Male) |
| 5:10 | Build | Mill |
| 5:32 | Create | Villager (Male) |
| 5:54 | Create | Villager (Male) |
| 6:55 | Create | Villager (Male) |
| 7:00 | Research | Loom |
| 8:09 | Research | Feudal Age |
| 8:18 | Build | Mining Camp |
| 8:29 | Build | House |
| 8:59 | Create | Villager (Male) |
| 8:59 | Create | Villager (Male) |
| 9:01 | Create | Villager (Male) |
| 10:19 | Age | Feudal Age |
| 11:10 | Build | Watch Tower |
| 12:21 | Create | Villager (Male) |
| 12:21 | Create | Villager (Male) |
| 12:21 | Create | Villager (Male) |
| 12:21 | Create | Villager (Male) |
| 12:22 | Create | Villager (Male) |
| 12:36 | Build | Blacksmith |
| 12:41 | Create | Villager (Male) |
| 14:33 | Create | Villager (Male) |
| 14:33 | Create | Villager (Male) |
| 14:41 | Build | Barracks |
| 14:54 | Build | House |
| 14:57 | Build | House |
| 14:59 | Build | House |
| 15:11 | Build | Palisade Wall |
| 15:32 | Build | Palisade Wall |
| 15:40 | Build | Palisade Wall |
| 15:50 | Create | Villager (Male) |
| 15:50 | Create | Villager (Male) |
| 15:50 | Create | Villager (Male) |
| 15:51 | Create | Villager (Male) |
| 16:17 | Build | Farm |
| 16:18 | Build | Farm |
| 16:18 | Build | Farm |
| 16:39 | Research | Arson |
| 17:15 | Build | Palisade Wall |
| 17:33 | Create | Villager (Male) |
| 17:37 | Research | Fletching |
| 17:52 | Build | Palisade Wall |
| 18:06 | Build | Farm |
| 18:21 | Build | House |
| 18:23 | Build | House |
| 18:44 | Build | Stone Wall |
| 18:53 | Build | Stone Wall |
| 19:08 | Build | Farm |
| 19:12 | Create | Villager (Male) |
| 19:39 | Build | Mining Camp |
| 19:58 | Build | Farm |
| 19:59 | Build | Farm |
| 20:27 | Build | Farm |
| 20:37 | Build | House |
| 20:38 | Build | House |
| 21:08 | Build | Farm |
| 21:32 | Build | Farm |
| 21:34 | Build | Farm |
| 21:54 | Build | Building 796 |
| 22:04 | Build | Watch Tower |
| 22:24 | Build | House |
| 22:25 | Build | House |
| 22:33 | Build | House |
| 22:35 | Build | House |
| 22:45 | Build | Farm |
| 22:56 | Build | House |
| 23:47 | Build | Farm |
| 23:48 | Build | Farm |
| 24:17 | Build | House |
| 24:18 | Build | House |
| 24:51 | Build | Market |
| 25:06 | Create | Villager (Male) |
| 25:53 | Create | Spearman |
| 25:54 | Create | Spearman |
| 25:54 | Create | Spearman |
| 25:54 | Create | Spearman |
| 25:54 | Create | Spearman |
| 26:27 | Research | Scale Mail Armor |
| 26:34 | Research | Forging |
| 26:56 | Build | Market |
| 27:01 | Build | House |
| 27:08 | Build | House |
| 27:29 | Create | Spearman |
| 27:52 | Research | Scale Mail Armor |
| 28:43 | Build | Stone Wall |
| 29:24 | Build | Stone Wall |
| 29:37 | Research | Castle Age |
| 29:52 | Create | Spearman |
| 29:53 | Create | Spearman |
| 29:53 | Create | Spearman |
| 29:53 | Create | Spearman |
| 29:53 | Create | Spearman |
| 29:54 | Create | Spearman |
Match timeline
| 4:26 | [M] Nico · wall_segment Palisade Wall x3 |
| 7:00 | Franchupala · wall_segment Palisade Wall x34 |
| 7:42 | [M] Nico · wall_segment Palisade Wall x8 |
| 7:46 | [M] Nico · wall_segment Palisade Wall x6 |
| 9:24 | [M] Nico · first_building Barracks |
| 10:08 | [M] Nico · wall_segment Palisade Wall x6 |
| 10:13 | [M] Nico · wall_segment Palisade Wall x14 |
| 10:18 | [M] Nico · wall_segment Palisade Wall x4 |
| 10:19 | TheMandalorian · age_up feudal |
| 10:22 | RICARDO CARUSO LOMBARDI · first_building Barracks |
| 10:28 | BeaNeanging · first_building Barracks |
| 10:33 | BeaNeanging · age_up feudal |
| 10:49 | [M] Nico · age_up feudal |
| 10:52 | [M] Nico · first_building Stable |
| 11:04 | SteppeFalcon · age_up feudal |
| 11:07 | BeaNeanging · wall_segment Palisade Wall x3 |
| 11:12 | BeaNeanging · wall_segment Palisade Wall x1 |
| 12:18 | RICARDO CARUSO LOMBARDI · age_up feudal |
| 12:37 | BeaNeanging · first_building Stable |
| 12:56 | RICARDO CARUSO LOMBARDI · wall_segment Stone Wall x8 |
| 13:38 | RICARDO CARUSO LOMBARDI · wall_segment Stone Wall x14 |
| 13:42 | RICARDO CARUSO LOMBARDI · wall_segment Stone Wall x1 |
| 14:08 | Franchupala · age_up feudal |
| 14:41 | TheMandalorian · first_building Barracks |
| 15:11 | TheMandalorian · wall_segment Palisade Wall x15 |
| 15:19 | RICARDO CARUSO LOMBARDI · wall_segment Stone Wall x7 |
| 15:27 | RICARDO CARUSO LOMBARDI · wall_segment Stone Wall x22 |
| 15:32 | TheMandalorian · wall_segment Palisade Wall x9 |
| 15:40 | TheMandalorian · wall_segment Palisade Wall x2 |
| 15:58 | BeaNeanging · wall_segment Palisade Wall x7 |
| 16:03 | RICARDO CARUSO LOMBARDI · wall_segment Stone Wall x5 |
| 16:08 | Franchupala · wall_segment Palisade Wall x44 |
| 16:21 | SteppeFalcon · first_market_buy 100 food |
| 16:26 | SteppeFalcon · first_market_sell 100 wood |
| 16:41 | BeaNeanging · wall_segment Palisade Wall x4 |
| 16:44 | BeaNeanging · wall_segment Palisade Wall x10 |
| 17:12 | RICARDO CARUSO LOMBARDI · wall_segment Stone Wall x1 |
| 17:15 | TheMandalorian · wall_segment Palisade Wall x12 |
| 17:19 | BeaNeanging · wall_segment Palisade Wall x4 |
| 17:52 | TheMandalorian · wall_segment Palisade Wall x7 |
| 18:06 | Franchupala · wall_segment Palisade Wall x33 |
| 18:44 | TheMandalorian · wall_segment Stone Wall x6 |
| 18:53 | TheMandalorian · wall_segment Stone Wall x8 |
| 19:31 | SteppeFalcon · age_up castle |
| 19:34 | SteppeFalcon · first_building Castle |
| 19:56 | BeaNeanging · first_building Archery Range |
| 20:03 | Franchupala · wall_segment Palisade Wall x6 |
| 20:17 | BeaNeanging · wall_segment Palisade Wall x17 |
| 20:19 | BeaNeanging · wall_segment Palisade Wall x6 |
| 21:34 | Franchupala · wall_segment Palisade Wall x5 |
| 22:04 | BeaNeanging · age_up castle |
| 22:26 | RICARDO CARUSO LOMBARDI · age_up castle |
| 23:07 | [M] Nico · resign |
| 23:37 | BeaNeanging · first_market_sell 100 wood |
| 23:40 | BeaNeanging · first_market_buy 100 stone |
| 23:46 | SteppeFalcon · first_building Siege Workshop |
| 23:54 | RICARDO CARUSO LOMBARDI · first_building Siege Workshop |
| 25:27 | Franchupala · age_up castle |
| 26:34 | Franchupala · first_building Siege Workshop |
| 27:14 | Franchupala · first_building Barracks |
| 28:43 | TheMandalorian · wall_segment Stone Wall x5 |
| 29:24 | TheMandalorian · wall_segment Stone Wall x5 |
[ AI ANALYSIS · 1 CREDIT ]
What really happened in this match?
Wolo.gg analyzes every decision: build order, eco, micro, common mistakes by bracket. Personalized analysis on WhatsApp or Discord in 30 seconds.
Civ guide
Burgundians
Map guide
Arabia
Perfil
Jugador #1826421